AoeStats
← hkfatih

Arabia

505070363Analyzed
1v1 RM · 24d ago on Sep 7, 2026· 48m 15s· 2 players
Game mode
Random Map
Map size
Tiny (2 player)
Population
200
Speed
Normal
Resources
Standard
Victory
Conquest
Starting age
Dark Age
Ending age
Imperial Age
RankedLock teamsTeams togetherTeam positionsShared explorationLock speedFull tech treeHidden civsTurbo modeCheats
Victory
Defeat
🇲🇽 Gurjaras · Mexico
1324
+16
🇫🇷 Turks · France
1318
-16
hkfatih
4:18 Loom
9:30 Feudal Age
21:02 Castle Age
19:26 Gold Mining
28:53 Imperial Age
26:47 Double-Bit Axe
27:38 Gold Shaft Mining
29:26 Scale Barding Armor
47:50 Forging
48:31 Chain Barding Armor
VempirE Reider
8:14 Loom
10:36 Feudal Age
11:53 Wheelbarrow
11:05 Double-Bit Axe
11:02 Horse Collar
13:21 Scale Barding Armor
14:22 Forging
18:07 Town Watch
21:36 Castle Age
21:01 Bloodlines
22:51 Husbandry
23:12 Hand Cart
23:07 Bow Saw
24:07 Chain Barding Armor
26:12 Light Cavalry
32:40 Iron Casting
39:56 Imperial Age
39:11 Fletching
39:57 Hussar
41:31 Plate Barding Armor
43:06 Conscription
43:04 Kshatriyas
43:49 Bodkin Arrow
44:24 Elite Shrivamsha Rider
Connection lost

Rejoining the realm…

Still unreachable

The connection could not be restored.

Session expired

The server has moved on; the page needs a fresh start.